 Dungeon Crawl Stone Soup version 0.26-a0-649-gf8c6c3aab7 (webtiles) character file.

Game seed: 17360216077462586289

41 DogServant the Caller (level 3, -3/19 HPs)
             Began as a Tengu Summoner on Sept 26, 2020.
             Slain by Robin
             ... wielding a +2 short sword of protection
              (5 damage)
             ... on level 2 of the Dungeon.
             The game lasted 00:03:42 (1713 turns).

DogServant the Caller (Tengu Summoner)              Turns: 1713, Time: 00:03:42

Health: -3/19      AC:  8    Str:  9    XL:     3   Next: 52%
Magic:  4/7        EV: 11    Int: 15    God:
Gold:   66         SH:  0    Dex: 14    Spells: 5/6 levels left

rFire    . . .     SeeInvis .   g - +1 club
rCold    . . .     Faith    .   (no shield)
rNeg     . . .     Spirit   .   m - +0 ring mail
rPois    .         Reflect  .   (helmet restricted)
rElec    .         Harm     .   b - +2 cloak
rCorr    .         Rampage  .   (no gloves)
MR       .....                  (boots unavailable)
Stlth    +.........             (no amulet)
HPRegen  0.06/turn              (no ring)
MPRegen  0.10/turn              (no ring)

@: no status effects
A: beak, talons 3
a: no special abilities


You were on level 2 of the Dungeon.
You visited 1 branch of the dungeon, and saw 2 of its levels.

You collected 66 gold pieces.

Inventory:

Hand Weapons
 g - a +1 club (weapon)
Missiles
 k - 21 sling bullets
 n - 13 poisoned darts (quivered)
Armour
 a - a +0 robe
 b - a +2 cloak (worn)
 h - a +0 chain mail
 m - a +0 ring mail (worn)
Scrolls
 e - 2 scrolls of amnesia {unknown}
 f - 2 scrolls of remove curse {unknown}
 i - a scroll of immolation {unknown}
 j - a scroll of fog {unknown}
 l - a scroll of identify {unknown}


   Skills:
 + Level 3.0 Dodging
 - Level 2.1 Stealth
 + Level 1.6 Unarmed Combat
 - Level 2.2 Spellcasting
 - Level 5.0 Summonings


You had 5 spell levels left.
You knew the following spells:

 Your Spells              Type           Power        Failure   Level
a - Summon Small Mammal   Summ           ###.         8%          1

Your spell library contained the following spells:

 Spells                   Type           Power        Failure   Level
 Call Imp                 Summ           ###.....     12%         2
 Call Canine Familiar     Summ           ###.....     22%         3
 Summon Guardian Golem    Hex/Summ       #.......     54%         3
 Summon Ice Beast         Ice/Summ       #.......     91%         4
 Summon Lightning Spire   Summ/Air       #.......     91%         4


Dungeon Overview and Level Annotations

Branches:
Dungeon (2/15)

Altars:

Annotations:
D:2 Robin


Innate Abilities, Weirdness & Mutations

You have a beak for a mouth.
You have claws for feet.


Message History

Okay, then.
Throwing (i - inventory)
n - 14 poisoned darts (quivered)
Press: ? - help, Shift-Dir - straight line, f - Robin
Aim: Robin, wielding a +2 short sword of protection, wearing a +0 animal skin and wearing a +0 helmet (lightly wounded)
Okay, then.
Throwing (i - inventory)
n - 14 poisoned darts (quivered)
Press: ? - help, Shift-Dir - straight line, f - Robin
Aim: Robin, wielding a +2 short sword of protection, wearing a +0 animal skin and wearing a +0 helmet (lightly wounded)
Okay, then.
Sorry, you're not good enough to have a special ability.
Unknown command.
Throwing (i - inventory)
n - 14 poisoned darts (quivered)
Press: ? - help, Shift-Dir - straight line, f - Robin
Aim: Robin, wielding a +2 short sword of protection, wearing a +0 animal skin and wearing a +0 helmet (lightly wounded) Really fire in your bat's direction?
You throw a poisoned dart. The poisoned dart hits Robin.
Robin is poisoned.
Robin is lightly wounded.
Your bat barely misses Robin.
Robin hits you with a +2 short sword of protection.
You die...

## ### #. ..# ##
#.### #.# # .#
##...## #.#.# .###
#.....####.#.###.#
...#
#...g.r..())......
...#
#.....####.#.###.
...#
##...#####r...##
.###
#.....@g)b....# .#
##.#######...## ##
#.# #.## ### ###.#
.# ..# #...# .#
..# #.### +# ..#
#.# ..# ##.## ..#
##...##


You could see Robin (poisoned), a friendly quokka (summoned) and a friendly bat
(summoned).

Vanquished Creatures
  An ooze (D:1)
  A dart slug (D:1)
  2 leopard geckos (D:1)
  2 giant cockroaches (D:1)
  4 goblins
  2 hobgoblins
  2 jackals (D:1)
  3 kobolds (D:1)
  2 bats
  3 frilled lizards
  7 rats
29 creatures vanquished.

Vanquished Creatures (collateral kills)
  4 goblins
  A frilled lizard (D:1)
  2 rats (D:1)
7 creatures vanquished.

Grand Total: 36 creatures vanquished

Notes
Turn   | Place    | Note
-------+----------+-------------------------------------------
     0 | D:1      | DogServant the Tengu Summoner began the quest for the Orb.
     0 | D:1      | Reached XP level 1. HP: 10/10 MP: 4/4
   484 | D:1      | Reached skill level 5 in Summonings
   513 | D:1      | Reached XP level 2. HP: 12/15 MP: 3/6
   845 | D:1      | Reached skill level 1 in Unarmed Combat
   900 | D:1      | Reached XP level 3. HP: 19/19 MP: 7/7
  1676 | D:2      | Noticed Robin
  1713 | D:2      | Slain by Robin

Illustrated notes

Levels and vault maps discovered:
D:1:      dpeg_arrival_water_fire, layout_loops_ring
D:2:      layout_loops_corners, chequers_ecumenical_altar_grove, uniq_robin

Skill      XL: |  1  2  3 |
---------------+----------+-----
Summonings     | 5 |  5.0
Unarmed Combat | 1 |  1.6
Dodging        | 3 |  3.0
Stealth        | |  2.1
Spellcasting   | |  2.2

Action                   || total
-------------------------++-------
Melee: Unarmed           ||    23
       Kick              ||    21
       Peck              ||    15
       Club              ||    61
Throw: Dart              ||     1
 Cast: Summon Small Mamm ||    17
  Use: Scroll            ||     2
 Stab: Sleeping          ||     7
       Distracted        ||     1
Armor: Robe              ||    19
       Ring mail         ||     7
Dodge: Dodged            ||    64

Table legend: (Time is in decaauts)
 A = Elapsed time spent in this place.
 B = Non-inter-level travel time spent in this place.
 C = Inter-level travel time spent in this place.
 D = Time resting spent in this place.
 E = Time spent auto-exploring this place.
 F = Levels seen in this place.
 G = Mean time per level.
                   A        B        C        D        E       F      G
               +--------+--------+--------+--------+--------+-----+--------+
         Total |   1730 |   1710 |     20 |    366 |    980 |   2 |  865.0 |
       Dungeon |   1730 |   1710 |     20 |    366 |    980 |   2 |  865.0 |
               +--------+--------+--------+--------+--------+-----+--------+

Top non-repeatable levels by time:
     D:1: 1583 daAuts
     D:2: 147 daAuts
